AoeStats
← Pwncakes

Pilgrims

508281074Analyzed
2v2 RM · 10d ago on Sep 21, 2026· 25m 57s· 4 players
Game mode
Random Map
Map size
Medium (4 player)
Population
200
Speed
Normal
Resources
Standard
Victory
Conquest
Starting age
Dark Age
Ending age
Imperial Age
RankedLock teamsTeams togetherTeam positionsShared explorationLock speedFull tech treeHidden civsTurbo modeCheats
Victory
Defeat
🇫🇷 Armenians · France
1414
+13
🇫🇷 Armenians · France
1329
+16
🇧🇷 Magyars · Brazil
1353
-15
🇺🇸 Romans · United States
1334
-14
Pwncakes
4:38 Loom
11:14 Feudal Age
12:31 Double-Bit Axe
12:52 Fishing Lines
13:04 Fletching
14:22 Padded Archer Armor
14:49 Stone Mining
drauler
13:08 Feudal Age
11:25 Loom
17:37 Castle Age
15:49 Fletching
17:10 Double-Bit Axe
18:40 Scale Barding Armor
20:18 Chain Barding Armor
20:11 Light Cavalry
20:52 Husbandry
22:09 Bloodlines
24:39 Wheelbarrow
24:02 Bodkin Arrow
Jesus Omega
9:38 Loom
11:24 Feudal Age
9:44 Loom
11:28 Man-at-Arms
12:07 Double-Bit Axe
12:54 Scale Mail Armor
12:46 Long Swordsman
14:25 Arson
15:28 Horse Collar
22:16 Castle Age
20:52 Wheelbarrow
22:33 Gold Mining
23:11 Squires
23:35 Chain Mail Armor
23:10 Two-Handed Swordsman
24:21 Forging
24:17 Gambesons
Ligéis
7:56 Loom
10:09 Feudal Age
10:34 Man-at-Arms
11:09 Double-Bit Axe
11:05 Horse Collar
11:44 Long Swordsman
12:25 Scale Mail Armor
12:16 Arson
13:27 Forging
13:40 Horse Collar
22:18 Wheelbarrow
25:51 Castle Age
23:55 Fishing Lines
Connection lost

Rejoining the realm…

Still unreachable

The connection could not be restored.

Session expired

The server has moved on; the page needs a fresh start.